Map: Acid Plant LE

Players

ShoWTimE - Winner!

  • Race: Protoss Protoss
  • Spawn Location: 11:00

MarineLorD

  • Race: Terran Terran
  • League: Master
  • Spawn Location: 5:00

Event: HomeStory Cup XVIII

VOD

Have the link to the VOD?

Description

Time

  • Played on: Nov. 22, 2018, 10:10 a.m.
  • Length: 10:08

All games in this series

Show
View Real Time Build Order
Export as new Build Order

ShoWTimE Protoss - Winner!

Build Orders: 1 Gate Expand, Double Forge 

Get SALT Encoding   

  12  0:00  Probe  
  13  0:12  Probe  
  14  0:16  Pylon  
  14  0:24  Probe  
  15  0:32  Probe  
  15  0:38  Gateway  
  15  0:40  Probe  
  16  0:46  Assimilator  
  17  0:51  Probe  
  18  1:03  Probe  
  19  1:15  Probe  
  20  1:25  Nexus  
  20  1:34  Cybernetics Core  
  20  1:37  Probe  
  21  1:43  Assimilator  
  21  1:49  Probe  
  21  1:52  Pylon  
  23  2:01  Probe  
  23  2:02  Adept  
  23  2:12  Warp Gate  
  23  2:13  Probe  
  26  2:25  Probe  
  26  2:27  Robotics Facility  
  27  2:33  Adept  
  27  2:34  Probe x2  
  29  2:42  Probe x2  
  33  2:52  Probe x2  
  35  3:00  Sentry  
  35  3:03  Gateway  
  35  3:05  Probe  
  39  3:10  Immortal  
  39  3:11  Gateway  
  38  3:25  Probe x2  
  44  3:29  Pylon  
  44  3:37  Probe  
  44  3:38  Probe  
  44  3:39  Warp Prism  
  46  3:47  Pylon  
  46  3:49  Probe  
  46  3:50  Probe  
  50  4:01  Twilight Council  
  50  4:02  Probe x2  
  52  4:13  Stalker  
  52  4:14  Stalker x2  
  52  4:15  Observer  
  59  4:19  Pylon  
  57  4:38  Probe x2  
  59  4:39  Stalker x3  
  59  4:44  Assimilator  
  59  4:46  Blink  
  59  4:48  Forge  
  59  4:50  Forge  
  57  5:00  Pylon, Stalker  
  57  5:01  Stalker x2  
  57  5:03  Pylon  
  63  5:13  Gateway  
  63  5:15  Probe  
  63  5:16  Pylon, Probe  
  63  5:17  Protoss Ground Weapons Level 1  
  63  5:19  Gateway, Protoss Ground Armor Level 1  
  63  5:20  Gateway  
  65  5:23  Nexus  
  65  5:34  Probe x2  
  67  5:41  Gateway  
  67  5:42  Observer  
  68  5:47  Stalker  
  68  5:48  Stalker  
  72  5:50  Zealot  
  72  5:54  Probe  
  72  5:55  Probe  
  64  6:07  Probe  
  65  6:12  Stalker x3  
  65  6:14  Probe  
  68  6:27  Probe  
  68  6:38  Gateway  
  68  6:40  Gateway  
  68  6:41  Gateway, Probe x2  
  68  6:43  Probe  
  68  6:44  Protoss Ground Weapons Level 2  
  68  6:47  Charge  
  71  6:50  Probe x2  
  71  6:51  Probe  
  73  6:54  Pylon  
  73  6:58  Probe x2  
  73  7:00  Probe  
  74  7:05  Sentry  
  74  7:07  Probe  
  74  7:08  Protoss Ground Armor Level 2, Probe  
  79  7:10  Zealot x2, Probe  
  85  7:25  Pylon, Zealot x2  
  87  7:31  Probe  
  88  7:37  Pylon, Immortal  
  92  7:45  Pylon  
  92  7:46  Zealot x2  
  92  7:47  Zealot x2  
  90  7:51  Pylon  
  90  7:57  Nexus  
  84  8:12  Zealot  
  84  8:13  Zealot x7  
  84  8:16  Probe, Immortal  
  84  8:18  Pylon, Probe x2  
  107  8:28  Probe  
  107  8:30  Pylon  
  108  8:38  Zealot x4, Sentry  
  118  8:42  Zealot x2  
  118  8:48  Observer  
  122  8:49  Stalker  
  122  8:53  Pylon  
  124  8:56  Observer  
  124  9:02  Pylon  
  125  9:04  Zealot x6  
  125  9:06  Pylon  
  125  9:07  Stalker  
  115  9:28  Zealot x3  
  115  9:29  Zealot x3  
  115  9:30  Zealot  
  119  9:41  Pylon  
  117  9:49  Zealot x5  
  115  9:54  Zealot x3  
Show
View Real Time Build Order
Export as new Build Order

MarineLorD Terran 

Build Orders:  

Get SALT Encoding   

  12  0:00  SCV  
  13  0:12  SCV  
  14  0:17  Supply Depot  
  14  0:24  SCV  
  15  0:38  SCV  
  15  0:40  Barracks  
  16  0:45  Refinery  
  16  0:50  SCV  
  17  1:02  SCV  
  18  1:15  SCV  
  19  1:27  Barracks Reactor  
  19  1:28  Orbital Command  
  19  1:43  Command Center  
  19  1:55  SCV  
  19  1:59  Supply Depot  
  20  2:04  Marine x2  
  20  2:07  SCV  
  23  2:21  SCV  
  24  2:25  Factory  
  24  2:27  Marine x2  
  26  2:33  SCV  
  27  2:44  Marine  
  27  2:45  Marine, SCV  
  27  2:50  Barracks  
  30  2:57  Refinery, SCV  
  31  3:03  Orbital Command  
  31  3:10  Marine x2  
  31  3:11  Factory Tech Lab  
  33  3:13  SCV  
  34  3:25  SCV  
  35  3:27  Marine x2  
  35  3:29  Cyclone, Mag-Field Accelerator  
  35  3:32  SCV  
  41  3:37  Barracks Tech Lab  
  41  3:38  SCV  
  42  3:43  Supply Depot  
  42  3:45  Marine x2  
  42  3:48  SCV  
  45  3:50  SCV  
  46  3:57  Supply Depot  
  46  4:04  Cyclone, Combat Shield  
  46  4:08  Marine  
  46  4:09  SCV  
  52  4:11  Supply Depot  
  52  4:13  Supply Depot  
  52  4:14  SCV  
  52  4:17  Marine  
  52  4:18  Marine  
  52  4:21  SCV  
  55  4:26  SCV  
  56  4:33  SCV  
  56  4:36  Cyclone  
  56  4:38  Marine x2, SCV  
  60  4:39  Marine  
  60  4:42  Supply Depot  
  64  4:46  SCV  
  64  4:50  SCV  
  64  4:56  Marine x2  
  64  4:58  SCV  
  63  5:04  SCV  
  63  5:06  Marine  
  65  5:08  Cyclone  
  65  5:10  SCV  
  65  5:12  Command Center  
  65  5:14  Marine  
  69  5:17  Marine  
  69  5:19  SCV  
  72  5:24  Stimpack, Marine, Refinery  
  72  5:27  SCV  
  74  5:32  Supply Depot  
  74  5:33  Supply Depot  
  74  5:34  Marine  
  74  5:35  Marine, SCV  
  77  5:40  Starport  
  77  5:44  SCV  
  77  5:46  Barracks  
  78  5:50  Factory Reactor, SCV  
  78  5:51  Engineering Bay  
  78  5:56  SCV  
  80  6:03  SCV  
  77  6:06  Marine x2, Marauder  
  77  6:10  SCV  
  79  6:14  Barracks  
  79  6:16  Barracks, SCV  
  76  6:22  SCV  
  68  6:28  Marauder, SCV  
  68  6:30  Orbital Command  
  68  6:33  Factory Reactor  
  68  6:34  Refinery  
  68  6:35  Marine x2, Terran Infantry Weapons Level 1  
  68  6:37  Marauder  
  68  6:39  Medivac  
  74  6:40  Medivac  
  74  6:43  SCV x2  
  78  6:47  Supply Depot  
  78  6:48  Marine  
  78  6:53  Marine, Concussive Shells  
  77  6:55  SCV  
  77  6:58  Marauder  
  77  7:00  Supply Depot  
  80  7:02  Marine x2  
  80  7:04  Marine  
  80  7:05  Orbital Command, SCV  
  80  7:07  Marauder  
  86  7:10  SCV  
  86  7:11  Marine, Medivac  
  88  7:17  SCV  
  88  7:19  Marauder  
  88  7:20  Marine  
  90  7:25  SCV  
  90  7:29  SCV  
  92  7:31  Marauder  
  92  7:32  Barracks Reactor  
  92  7:33  SCV, Barracks Tech Lab  
  92  7:36  Viking  
  96  7:37  SCV  
  96  7:40  Refinery  
  96  7:41  Marauder, Medivac, SCV  
  96  7:43  Widow Mine x2  
  106  7:46  Marine  
  100  7:53  Marauder  
  101  7:59  SCV  
  101  8:02  Marauder  
  101  8:04  Marine x2, Marauder, SCV  
  101  8:05  Refinery  
  109  8:06  Widow Mine x2  
  109  8:12  Marine  
  114  8:14  Marauder, Marine  
  114  8:18  SCV x2  
  120  8:20  SCV  
  120  8:21  Marine  
  120  8:23  Supply Depot  
  120  8:24  Marauder  
  123  8:27  Widow Mine x2  
  123  8:30  SCV x2  
  123  8:32  Supply Depot, SCV  
  123  8:33  Supply Depot  
  130  8:34  Marine  
  130  8:35  Marauder  
  130  8:39  Bunker  
  130  8:40  Missile Turret  
  133  8:44  Marine x2  
  133  8:48  Supply Depot  
  135  8:49  Supply Depot x2  
  135  8:50  Marauder  
  135  8:51  Marauder  
  139  8:56  Marauder  
  141  9:06  Marine  
  141  9:09  Widow Mine x2  
  146  9:11  Marauder  
  146  9:12  Marauder, Command Center  
  138  9:21  Marauder  
  116  9:31  Marine x2  
  116  9:36  SCV x2  
  116  9:38  SCV  
  105  9:40  Marine x2, Marauder x2  
  105  9:42  Marine  
  116  9:48  SCV x2  
  116  9:50  SCV  
Tags
 
Add a new tag
Caveats
  • Supply blocks, unpowered buildings, or Contaminate may cause inaccurate times.
  • Supply counts are checked every 10 seconds.